 Dungeon Crawl Stone Soup version 0.22.1-1-ga44c0e5 (webtiles) character file.

381 Fang the Chopper (level 6, -1/39 HPs)
             Began as a Gargoyle Berserker on Nov 1, 2018.
             Was a Priest of Trog.
             Slain by a mummy (11 damage)
             ... in an ossuary.
             The game lasted 00:03:50 (3127 turns).

Fang the Chopper (Gargoyle Berserker)               Turns: 3127, Time: 00:03:51

Health: -1/39      AC: 10    Str: 22    XL:     6   Next: 75%
Magic:  6/6        EV: 15    Int:  8    God:    Trog [***...]
Gold:   173        SH:  0    Dex:  9    Spells: 5/5 levels left

rFire    . . .     SeeInvis .   s - -1 hand axe (curse)
rCold    . . .     Gourm    .   (no shield)
rNeg     + + .     Faith    .   m - +0 ring mail
rPois    ∞         Spirit   .   (no helmet)
rElec    +         Reflect  .   (no cloak)
rCorr    .         Harm     .   (no gloves)
MR       .....                  (no boots)
Stlth    +.........             (no amulet)
HPRegen  0.13/turn              b - +3 ring of evasion
MPRegen  0.10/turn              f - ring of positive energy

@: berserk cooldown, slowed, very slow
A: negative energy resistance 1, electricity resistance, unbreathing,
petrification resistance, rot immunity, AC +4
a: Berserk, Trog's Hand, Renounce Religion


You were in an ossuary.
You worshipped Trog.
Trog was most pleased with you.
You were near starving.

You visited 1 branch of the dungeon, and saw 4 of its levels.
You also visited: Ossuary.

You collected 173 gold pieces.

Inventory:

Hand Weapons
 a - a +0 hand axe
 s - a cursed -1 hand axe (weapon)
Armour
 m - a +0 ring mail (worn)
Jewellery
 b - a +3 ring of evasion (left hand)
 f - a ring of positive energy (right hand)
 n - a +5 ring of dexterity {unknown}
 v - an uncursed ring of flight {unknown}
Scrolls
 d - 7 scrolls of identify {unknown}
 e - 2 scrolls of magic mapping {unknown}
 g - 4 scrolls of immolation {unknown}
 h - 3 scrolls of random uselessness {unknown}
 i - 3 scrolls of remove curse {unknown}
 l - a scroll of enchant armour {unknown}
 o - 2 scrolls of blinking {unknown}
 p - a scroll of amnesia {unknown}
 r - a scroll of noise {unknown}
 t - a scroll of fog {unknown}
Potions
 j - a potion of agility {unknown}
 k - 2 potions of brilliance {unknown}
 q - 3 potions of curing {unknown}
 u - 2 potions of cancellation {unknown}
Comestibles
 c - 4 rations


   Skills:
 + Level 4.3 Fighting
 + Level 5.1 Axes
 + Level 3.2 Armour
 + Level 2.9 Dodging
 + Level 0.9 Stealth


You had 5 spell levels left.
You didn't know any spells.
Your spell library was empty.

Dungeon Overview and Level Annotations

Branches:
Dungeon (4/15)
 Temple: D:4-7

Altars:
Cheibriados
Elyvilon
Okawaru
Zin
The Shining One


Innate Abilities, Weirdness & Mutations

You are resistant to torment.
Your stone body is resilient. (AC +4)
You are immune to poison.
You resist negative energy. (rN+)
You are resistant to electric shocks. (rElec)
You can survive without breathing.
You are immune to petrification.
You are immune to rotting.


Message History

* * * LOW HITPOINT WARNING * * *
You are too injured to fight recklessly!
You are too injured to fight recklessly!
You are too injured to fight recklessly!
You are too injured to fight recklessly!
You are too injured to fight recklessly!
You are too injured to fight recklessly!
You are too injured to fight recklessly!
You are too injured to fight recklessly!
You are too injured to fight recklessly!
You are too injured to fight recklessly!
You are too injured to fight recklessly!
You barely miss the mummy.
The mummy is lightly damaged.
You hit the mummy. The mummy hits you but does no damage.
The mummy barely misses you.
You hit the mummy but do no damage.
The mummy is lightly damaged.
You barely miss the mummy. The mummy hits you!
You die...

.....MM......
...........
........#
......#
#....# #....#
#....# #.MM.#
#.@..# #....#
#....# #....#
#.∩∩.# ######


You could see 2 mummies.

Vanquished Creatures
  2 big kobolds (D:3)
  An orc wizard (D:3)
  2 mummies (Ossuary)
  9 adders
  2 worms
  2 dart slugs (D:2)
  2 leopard geckos
  10 orcs (D:3)
  5 ball pythons
  A giant cockroach (D:3)
  5 goblins
  5 hobgoblins
  3 jackals (D:3)
  A quokka (D:2)
  10 bats
  3 frilled lizards
  2 gnoll zombies (Ossuary)
  2 hobgoblin zombies (Ossuary)
  15 kobolds
  A kobold zombie (Ossuary)
  3 orc zombies (Ossuary)
  2 quokka zombies (D:4)
  6 rats
94 creatures vanquished.

Notes
Turn   | Place    | Note
-------+----------+-------------------------------------------
     0 | D:1      | Fang the Gargoyle Berserker began the quest for the Orb.
     0 | D:1      | Reached XP level 1. HP: 14/14 MP: 1/1
   179 | D:1      | Reached XP level 2. HP: 13/19 MP: 2/2
   430 | D:1      | Reached skill level 3 in Axes
   869 | D:2      | Found a snail-covered altar of Cheibriados.
  1028 | D:2      | Reached XP level 3. HP: 14/24 MP: 3/3
  1279 | D:2      | Found an iron altar of Okawaru.
  1412 | D:2      | Reached ** piety under Trog
  1520 | D:2      | Reached XP level 4. HP: 16/29 MP: 4/4
  1777 | D:2      | Found a glowing silver altar of Zin.
  1778 | D:2      | Found a white marble altar of Elyvilon.
  1779 | D:2      | Found a glowing golden altar of the Shining One.
  2139 | D:3      | Reached skill level 4 in Axes
  2139 | D:3      | Reached XP level 5. HP: 29/33 MP: 5/5
  2587 | D:3      | Noticed a big kobold
  2590 | D:3      | Noticed a big kobold
  2607 | D:3      | Killed a big kobold
  2607 | D:3      | Reached XP level 6. HP: 27/38 MP: 6/6
  2872 | D:3      | Reached skill level 5 in Axes
  3061 | D:4      | Found a sand-covered staircase.
  3082 | Ossuary  | Entered an ossuary
  3093 | Ossuary  | Reached *** piety under Trog
  3127 | Ossuary  | Slain by a mummy

Skill      XL: |  1  2  3  4  5  6 |
---------------+-------------------+-----
Axes           | 3 4 5 |  5.1
Dodging        | 2 |  2.9
Fighting       | 4 |  4.3
Armour         | 3 |  3.2
Stealth        | |  0.9

Action                   |  1- 3 |  4- 6 || total
-------------------------+-------+-------++-------
Melee: Hand axe          |   120 |   268 ||   388
Invok: Berserk           |     1 |     1 ||     2
  Eat: Chunk             |     3 |     5 ||     8
Armor: Animal skin       |    35 |       ||    35
       Ring mail         |    18 |    97 ||   115
Dodge: Dodged            |    85 |   214 ||   299
